3R
GREENPORT HARBOR WHALES @ MAINE SEA DOGS
07/12/2042
 
TOP OF THE 1ST
Greenport Harbor Whales batting - Pitching for Maine Sea Dogs : RHP Cy Dickson
Pitching: RHP Cy Dickson
Batting: RHB Alex Thompson 0-0: Ball
1-0: Ground out 6-3 (Groundball, 6, EV 85.0 MPH)
Batting: LHB Davis Davenport 0-0: Ball
1-0: Called Strike
1-1: Swinging Strike
1-2: Ball
2-2: Strikes out swinging
Batting: LHB Albert Hanson 0-0: Fly out, F9 (Line Drive, 9D, EV 102.5 MPH)
Top of the 1st over - 0 runs, 0 hits, 0 errors, 0 left on base; Greenport 0 - Maine 0
BOTTOM OF THE 1ST
Maine Sea Dogs batting - Pitching for Greenport Harbor Whales : RHP Leonard Harmon
Pitching: RHP Leonard Harmon
Batting: RHB Michael Weber 0-0: Ball
1-0: Fly out, F6 (Popup, P, EV 81.2 MPH)
Batting: SHB José Santos 0-0: Ball
1-0: Ball
2-0: Called Strike
2-1: Ball
3-1: Foul Ball, location: 2F
3-2: SINGLE (Flyball, 56D, EV 86.9 MPH)
Batting: SHB Cristóbal Calzacorta 0-0: Ball
1-0: Ball
2-0: Swinging Strike
2-1: Foul Ball, location: 2F
2-2: SINGLE (Flyball, 34D, EV 96.9 MPH)
José Santos to second
Batting: LHB Héctor Ancelno 0-0: Called Strike
0-1: Foul Ball, location: 2F
0-2: Fly out, F9 (Flyball, 9LDF, EV 98.8 MPH)
Batting: RHB Joe Fuller 0-0: Called Strike
0-1: 3-RUN HOME RUN (Flyball, 7D, EV 105.6 MPH), Distance : 387 ft
Batting: RHB Rutger McGroarty 0-0: Foul Ball, location: 2F
0-1: Ball
1-1: Called Strike
1-2: SINGLE (Groundball, 4D, EV 95.6 MPH)
Batting: RHB Javier Carrodeguas 0-0: Foul Ball, location: 2F
0-1: Fly out, F7 (Flyball, 7S, EV 86.9 MPH)
Bottom of the 1st over - 3 runs, 4 hits, 0 errors, 1 left on base; Greenport 0 - Maine 3
TOP OF THE 2ND
Greenport Harbor Whales batting - Pitching for Maine Sea Dogs : RHP Cy Dickson
Batting: LHB Rafael Rea 0-0: Ground out 3-1 (Groundball, 34, EV 83.1 MPH)
Batting: RHB Andrew Rijerkerk 0-0: Ground out 5-3 (Groundball, 56, EV 88.1 MPH)
Batting: LHB Fabian Ekkel 0-0: Ball
1-0: Ball
2-0: Called Strike
2-1: Swinging Strike
2-2: Ball
3-2: Strikes out swinging
Top of the 2nd over - 0 runs, 0 hits, 0 errors, 0 left on base; Greenport 0 - Maine 3
BOTTOM OF THE 2ND
Maine Sea Dogs batting - Pitching for Greenport Harbor Whales : RHP Leonard Harmon
Batting: RHB José Arizandieta 0-0: Called Strike
0-1: Fly out, F4 (Popup, 4, EV 66.9 MPH)
Batting: SHB César Sánchez 0-0: Ball
1-0: Foul Ball, location: 2F
1-1: Foul Ball, location: 2F
1-2: Foul Ball, location: 2F
1-2: Ball
2-2: Foul Ball, location: 2F
2-2: Foul Ball, location: 2F
2-2: Strikes out swinging
Batting: RHB Michael Weber 0-0: Ball
1-0: Ground out 1-3 (Groundball, 34S, EV 86.9 MPH)
Bottom of the 2nd over - 0 runs, 0 hits, 0 errors, 0 left on base; Greenport 0 - Maine 3
TOP OF THE 3RD
Greenport Harbor Whales batting - Pitching for Maine Sea Dogs : RHP Cy Dickson
Batting: RHB Vicente Mendoza 0-0: Ground out 3-1 (Groundball, 34, EV 103.8 MPH)
Batting: RHB Mariano Cabral 0-0: SINGLE (Line Drive, 34D, EV 108.8 MPH)
Batting: RHB Vonne Zureta 0-0: Foul Ball, location: 2F
0-1: Grounds into double play, 5-4-3 (Groundball, 56S, EV 82.5 MPH)
Top of the 3rd over - 0 runs, 1 hit, 0 errors, 0 left on base; Greenport 0 - Maine 3
BOTTOM OF THE 3RD
Maine Sea Dogs batting - Pitching for Greenport Harbor Whales : RHP Leonard Harmon
Batting: SHB José Santos 0-0: Ball
1-0: Swinging Strike
1-1: Ground out 4-3 (Groundball, 34, EV 85.0 MPH)
Batting: SHB Cristóbal Calzacorta 0-0: Foul Ball, location: 2F
0-1: SINGLE (Groundball, 4MD, EV 100.6 MPH)
Batting: LHB Héctor Ancelno 0-0: Ball
1-0: Foul Ball, location: 2F
1-1: Swinging Strike
1-2: Ball
2-2: Ball
3-2: Grounds out, U3 (Groundball, 3L, EV 77.5 MPH)
Batting: RHB Joe Fuller 0-0: Called Strike
0-1: Ball
1-1: Ball
2-1: Ball
3-1: Base on Balls
Batting: RHB Rutger McGroarty 0-0: Ball
1-0: Called Strike
1-1: Foul Ball, location: 2F
1-2: SINGLE (Groundball, 34D, EV 110.6 MPH)
Cristóbal Calzacorta to third
Joe Fuller to second
Batting: RHB Javier Carrodeguas 0-0: Ball
1-0: Reached on error, E9 (Flyball, 9LS, EV 90.6 MPH)
Cristóbal Calzacorta scores
Joe Fuller scores
Rutger McGroarty to third
Batting: RHB José Arizandieta 0-0: Called Strike
0-1: Called Strike
0-2: Strikes out swinging
Bottom of the 3rd over - 2 runs, 2 hits, 1 error, 2 left on base; Greenport 0 - Maine 5
TOP OF THE 4TH
Greenport Harbor Whales batting - Pitching for Maine Sea Dogs : RHP Cy Dickson
Batting: RHB Alex Thompson 0-0: Ball
1-0: Foul Ball, location: 2F
1-1: SINGLE (Groundball, 56D, EV 100.6 MPH)
Batting: LHB Davis Davenport 0-0: Called Strike
0-1: Ball
1-1: Swinging Strike
1-2: Strikes out looking
Batting: LHB Albert Hanson 0-0: 2-RUN HOME RUN (Flyball, 89XD, EV 96.9 MPH), Distance : 416 ft
Batting: LHB Rafael Rea 0-0: Called Strike
0-1: Swinging Strike
0-2: Ball
1-2: Foul Ball, location: 2F
1-2: Ball
2-2: SINGLE (Line Drive, 8RS, EV 106.9 MPH)
Batting: RHB Andrew Rijerkerk 0-0: Foul Ball, location: 2F
0-1: Foul Ball, location: 2F
0-2: Strikes out swinging
Batting: LHB Fabian Ekkel 0-0: Ball
1-0: Foul Ball, location: 2F
1-1: Ball
2-1: Foul Ball, location: 2F
2-2: Foul Ball, location: 2F
2-2: Ball
3-2: Base on Balls
Rafael Rea to second
Batting: RHB Vicente Mendoza 0-0: Ball
1-0: Ball
2-0: Called Strike
2-1: Swinging Strike
2-2: Foul Ball, location: 2F
2-2: Ball
3-2: Foul Ball, location: 2F
3-2: Foul Ball, location: 2F
3-2: Strikes out looking
Top of the 4th over - 2 runs, 3 hits, 0 errors, 2 left on base; Greenport 2 - Maine 5
BOTTOM OF THE 4TH
Maine Sea Dogs batting - Pitching for Greenport Harbor Whales : RHP Leonard Harmon
Batting: SHB César Sánchez 0-0: Fly out, F9 (Flyball, 9S, EV 90.0 MPH)
Batting: RHB Michael Weber 0-0: Called Strike
0-1: Ball
1-1: Ball
2-1: Fly out, F7 (Flyball, 78D, EV 107.5 MPH)
Batting: SHB José Santos 0-0: Swinging Strike
0-1: Ground out 1-3 (Groundball, 15, EV 85.6 MPH)
Bottom of the 4th over - 0 runs, 0 hits, 0 errors, 0 left on base; Greenport 2 - Maine 5
TOP OF THE 5TH
Greenport Harbor Whales batting - Pitching for Maine Sea Dogs : RHP Cy Dickson
Batting: RHB Mariano Cabral 0-0: Ground out 6-3 (Groundball, 6, EV 80.6 MPH)
Batting: RHB Vonne Zureta 0-0: Ball
1-0: Foul Ball, location: 2F
1-1: Ball
2-1: Swinging Strike
2-2: Ground out 6-3 (Groundball, 6, EV 85.6 MPH)
Batting: RHB Alex Thompson 0-0: Foul Ball, location: 2F
0-1: Swinging Strike
0-2: Strikes out swinging
Top of the 5th over - 0 runs, 0 hits, 0 errors, 0 left on base; Greenport 2 - Maine 5
BOTTOM OF THE 5TH
Maine Sea Dogs batting - Pitching for Greenport Harbor Whales : RHP Leonard Harmon
Batting: SHB Cristóbal Calzacorta 0-0: Ball
1-0: Ball
2-0: Called Strike
2-1: Reached on error, E3 (Groundball, 34S, EV 67.5 MPH)
Batting: LHB Héctor Ancelno 0-0: Called Strike
0-1: Ball
1-1: Grounds out, U3 (Groundball, 3L, EV 88.8 MPH)
Batting: RHB Joe Fuller 0-0: Ball
1-0: Ball
2-0: Fly out, F9 (Flyball, 9, EV 82.5 MPH)
Batting: RHB Rutger McGroarty 0-0: Called Strike
0-1: Ball
1-1: Fly out, F9 (Flyball, 9LS, EV 90.0 MPH)
Bottom of the 5th over - 0 runs, 0 hits, 1 error, 1 left on base; Greenport 2 - Maine 5
TOP OF THE 6TH
Greenport Harbor Whales batting - Pitching for Maine Sea Dogs : RHP Cy Dickson
Batting: LHB Davis Davenport 0-0: Bunt for hit to 15S - play at first, batter safe!
Batting: LHB Albert Hanson 0-0: Called Strike
0-1: Ball
1-1: Swinging Strike
1-2: Strikes out swinging
Batting: LHB Rafael Rea 0-0: Called Strike
0-1: Foul Ball, location: 2F
0-2: Ball
1-2: Ball
2-2: Strikes out looking
Batting: RHB Andrew Rijerkerk 0-0: Called Strike
0-1: Ball
1-1: Called Strike
1-2: Strikes out looking
Top of the 6th over - 0 runs, 1 hit, 0 errors, 1 left on base; Greenport 2 - Maine 5
BOTTOM OF THE 6TH
Maine Sea Dogs batting - Pitching for Greenport Harbor Whales : RHP Leonard Harmon
Pitching: RHP Arthur Rix
Batting: RHB Javier Carrodeguas 0-0: Ball
1-0: Called Strike
1-1: Foul Ball, location: 2F
1-2: Ball
2-2: Ball
3-2: Foul Ball, location: 2F
3-2: Foul Ball, location: 2F
3-2: Strikes out looking
Batting: RHB José Arizandieta 0-0: Called Strike
0-1: Ball
1-1: Called Strike
1-2: Strikes out swinging
Batting: SHB César Sánchez 0-0: Called Strike
0-1: Called Strike
0-2: Fly out, F9 (Flyball, 9D, EV 88.8 MPH)
Bottom of the 6th over - 0 runs, 0 hits, 0 errors, 0 left on base; Greenport 2 - Maine 5
TOP OF THE 7TH
Greenport Harbor Whales batting - Pitching for Maine Sea Dogs : RHP Cy Dickson
Batting: LHB Fabian Ekkel 0-0: Called Strike
0-1: Foul Ball, location: 2F
0-2: Strikes out looking
Batting: RHB Vicente Mendoza 0-0: Ball
1-0: SINGLE (Groundball, 25, EV 66.2 MPH) (infield hit)
Batting: RHB Mariano Cabral 0-0: Fly out, F6 (Popup, 6M, EV 62.5 MPH)
Batting: RHB Vonne Zureta 0-0: Ball
1-0: SINGLE (Groundball, 6D, EV 95.6 MPH)
Vicente Mendoza to second
Batting: RHB Alex Thompson 0-0: Ball
1-0: SINGLE (Line Drive, 7S, EV 98.8 MPH)
Vicente Mendoza to third
Vonne Zureta to second
Batting: LHB Davis Davenport 0-0: Foul Ball, location: 2F
0-1: Ball
1-1: Ball
2-1: Swinging Strike
2-2: Foul Ball, location: 2F
2-2: Ball
3-2: Foul Ball, location: 2F
3-2: SINGLE (Groundball, 4MD, EV 103.1 MPH)
Vicente Mendoza scores
Vonne Zureta to third
Alex Thompson to second
Vonne Zureta scores
Alex Thompson to third
Batting: LHB Albert Hanson 0-0: Ball
1-0: Ball
2-0: Called Strike
2-1: Called Strike
2-2: Strikes out swinging
Top of the 7th over - 2 runs, 4 hits, 0 errors, 2 left on base; Greenport 4 - Maine 5
BOTTOM OF THE 7TH
Maine Sea Dogs batting - Pitching for Greenport Harbor Whales : RHP Arthur Rix
Batting: RHB Michael Weber 0-0: Ball
1-0: Foul Ball, location: 2F
1-1: Swinging Strike
1-2: Strikes out swinging
Batting: SHB José Santos 0-0: SINGLE (Flyball, 78S, EV 89.4 MPH)
Batting: SHB Cristóbal Calzacorta 0-0: Swinging Strike
0-1: Foul Ball, location: 2F
0-2: Strikes out swinging
Batting: LHB Héctor Ancelno 0-0: Called Strike
0-1: Called Strike
0-2: Foul Ball, location: 2F
0-2: Ball
1-2: Foul Ball, location: 2F
1-2: Ball
2-2: Foul Ball, location: 2F
2-2: Ball
3-2: Strikes out looking
Bottom of the 7th over - 0 runs, 1 hit, 0 errors, 1 left on base; Greenport 4 - Maine 5
TOP OF THE 8TH
Greenport Harbor Whales batting - Pitching for Maine Sea Dogs : RHP Cy Dickson
Batting: LHB Rafael Rea 0-0: Ball
1-0: Fly out, F6 (Popup, 6, EV 53.8 MPH)
Batting: RHB Andrew Rijerkerk 0-0: Called Strike
0-1: Foul Ball, location: 2F
0-2: Foul Ball, location: 2F
0-2: Reached on error, E3 (Groundball, 3L, EV 90.6 MPH)
Pitching: RHP Rob Green
Batting: LHB Fabian Ekkel 0-0: Foul Ball, location: 2F
0-1: Foul Ball, location: 2F
0-2: Ball
1-2: Strikes out swinging
Batting: RHB Vicente Mendoza 0-0: Ball
1-0: Ball
2-0: Called Strike
2-1: SINGLE (Groundball, 56D, EV 100.0 MPH)
Andrew Rijerkerk to second
Pinch Hitting: RHB Robert Robinson 0-0: Ball
1-0: Called Strike
1-1: Foul Ball, location: 2F
1-2: Ball
2-2: Ball
3-2: Reached on error, E5 (Groundball, 56, EV 100.0 MPH)
Andrew Rijerkerk to third
Vicente Mendoza to second
Batting: RHB Vonne Zureta 0-0: Foul Ball, location: 2F
0-1: Foul Ball, location: 2F
0-2: Fly out, F4 (Popup, 4, EV 60.0 MPH)
Top of the 8th over - 0 runs, 1 hit, 2 errors, 3 left on base; Greenport 4 - Maine 5
BOTTOM OF THE 8TH
Maine Sea Dogs batting - Pitching for Greenport Harbor Whales : RHP Arthur Rix
Now at 2B: Robert Robinson
Batting: RHB Joe Fuller 0-0: Ball
1-0: Ball
2-0: Ball
3-0: Called Strike
3-1: Swinging Strike
3-2: DOUBLE (Flyball, 89XD, EV 95.0 MPH)
Batting: RHB Rutger McGroarty 0-0: Intentional Walk
Pitching: LHP Tim Strong
Batting: RHB Javier Carrodeguas 0-0: Ball
1-0: Called Strike
1-1: Ball
2-1: Fielders Choice at 2nd, 6-4 (Groundball, 56, EV 85.6 MPH)
Joe Fuller to third
Batting: RHB José Arizandieta 0-0: Ball
1-0: SINGLE (Groundball, 56D, EV 108.8 MPH)
Joe Fuller scores
Javier Carrodeguas to second
Batting: SHB César Sánchez 0-0: Ball
1-0: Ball
2-0: DOUBLE (Flyball, 89D, EV 104.4 MPH)
Javier Carrodeguas scores
José Arizandieta to third
Batting: RHB Michael Weber 0-0: Intentional Walk
Batting: SHB José Santos 0-0: Called Strike
0-1: SINGLE (Flyball, 9LS, EV 98.1 MPH)
José Arizandieta scores
César Sánchez to third
Michael Weber to second
Batting: SHB Cristóbal Calzacorta 0-0: Ball
Wild Pitch!
César Sánchez scores
Michael Weber to third
José Santos to second
1-0: Foul Ball, location: 2F
1-1: Single, Error in OF, E9, batter to second base (Groundball, 4D, EV 98.8 MPH)
Michael Weber scores
José Santos scores
Pitching: RHP Steve Oort
Batting: LHB Héctor Ancelno 0-0: Ball
1-0: Foul Ball, location: 2F
1-1: Foul Ball, location: 2F
1-2: Ball
2-2: Ground out U3 (Groundball, 34, EV 86.2 MPH)
Cristóbal Calzacorta to third
Batting: RHB Joe Fuller 0-0: Ball
1-0: Called Strike
1-1: Foul Ball, location: 2F
1-2: Fly out, F9 (Flyball, 9, EV 89.4 MPH)
Bottom of the 8th over - 6 runs, 5 hits, 1 error, 1 left on base; Greenport 4 - Maine 11
TOP OF THE 9TH
Greenport Harbor Whales batting - Pitching for Maine Sea Dogs : RHP Rob Green
Batting: RHB Alex Thompson 0-0: Ball
1-0: Fly out, F5 (Popup, 15, EV 79.4 MPH)
Batting: LHB Davis Davenport 0-0: Ball
1-0: Foul Ball, location: 2F
1-1: Swinging Strike
1-2: Foul Ball, location: 2F
1-2: Foul Ball, location: 2F
1-2: Ball
2-2: Fly out, F7 (Line Drive, 7, EV 96.9 MPH)
Batting: LHB Albert Hanson 0-0: Called Strike
0-1: Ball
1-1: Ball
2-1: Foul Ball, location: 2F
2-2: Ball
3-2: Strikes out looking
Top of the 9th over - 0 runs, 0 hits, 0 errors, 0 left on base; Greenport 4 - Maine 11
Friday, March 26th, 2021 - OOTP Baseball 20.8 Build 74